 Dungeon Crawl Stone Soup version 0.20-b1 (webtiles) character file.

91 Mesmaeker13 the Conjurer (level 4, -1/24 HPs)
             Began as a Deep Elf Conjurer on May 18, 2017.
             Slain by Sigmund
             ... wielding a +3 scythe of slicing
              (3 damage)
             ... on level 2 of the Dungeon.
             The game lasted 00:03:57 (2641 turns).

Mesmaeker13 the Conjurer (Deep Elf Conjurer)        Turns: 2641, Time: 00:03:58

Health: -1/24      AC:  2    Str:  3    XL:     4   Next: 33%
Magic:  5/12       EV: 13    Int: 20    God:
Gold:   88         SH:  0    Dex: 15    Spells: 6/12 levels left

rFire    . . .     SeeInvis .   f - +2 dagger (flame)
rCold    . . .     Gourm    .   (no shield)
rNeg     . . .     Faith    .   a - +0 robe
rPois    .         Spirit   .   (no helmet)
rElec    .         Reflect  .   (no cloak)
rCorr    .         Harm     .   (no gloves)
MR       .....                  (no boots)
Stlth    ++........             (no amulet)
Regen    0.1/turn               l - -3 ring of strength (curse)
MPRegen  0.2/turn               (no ring)

@: very slightly contaminated
A: no striking features
a: no special abilities


You were on level 2 of the Dungeon.
You were not hungry.

You visited 1 branch of the dungeon, and saw 2 of its levels.

You collected 88 gold pieces.

Inventory:

Hand Weapons
 f - a +2 dagger of flaming (weapon)
Armour
 a - a +0 robe (worn)
Jewellery
 l - a cursed -3 ring of strength (left hand)
Scrolls
 h - a scroll of random uselessness {unknown}
 k - 2 scrolls of enchant weapon
 m - a scroll of teleportation {unknown}
 n - a scroll of remove curse {unknown}
Potions
 d - a potion of ambrosia
 e - a potion of mutation
 i - a potion of degeneration {unknown}
Books
 b - a book of Conjurations

   Spells                             Type                      Level
   a - Magic Dart                     Conjuration                  1
   b - Searing Ray                    Conjuration                  2
   c - Dazzling Spray                 Conjuration/Hexes            3
   d - Fulminant Prism                Conjuration/Hexes            4
   e - Force Lance                    Conjuration/Translocation    4
   f - Iskenderun's Mystic Blast      Conjuration                  4
Comestibles
 c - a bread ration
 j - 3 chunks of flesh


   Skills:
 + Level 3.2 Dodging
 - Level 2.4 Stealth
 + Level 4.8 Spellcasting
 + Level 5.1 Conjurations
 + Level 0.3 Hexes


You had 6 spell levels left.
You knew the following spells:

 Your Spells              Type           Power        Failure   Level  Hunger
a - Magic Dart            Conj           ####         1%          1    None
b - Searing Ray           Conj           ####..       2%          2    #......
c - Dazzling Spray        Conj/Hex       ###...       12%         3    ##.....


Dungeon Overview and Level Annotations

Branches:
Dungeon (2/15)

Altars:

Annotations:
D:2 Sigmund


Message History

The searing ray hits Sigmund.
Sigmund is moderately wounded.
Some of the chunks of flesh in your inventory have rotted away.
The searing ray hits Sigmund.
Sigmund is severely wounded.
You finish channeling your searing ray.
Sigmund hits you from afar with a scythe of slicing!
Casting: Searing Ray
Confirm with . or Enter, or press ? or * to list all spells.
Aiming: Searing Ray
Press: ? - help, Shift-Dir - straight line, f/p - Sigmund
Aim: Sigmund, wielding a scythe of slicing and wearing a robe (severely wounded)
You miscast Searing Ray.
You are very lightly contaminated with residual magic.
You are momentarily dazzled by a flash of light!
Sigmund says, "Look into my eyes."
Sigmund hits you from afar with a scythe of slicing!
Ouch! That really hurt!
* * * LOW HITPOINT WARNING * * *
You die...

...#...##.## #.#
..##....#.(# #.#
.##[##..#).# #.#
.#.##..##).# #.#
.###...##..# #.#
...........# #.#
.###...g...# #.#
..........## #.#
.........)# #@#
.....#######..@..#
.....# #)#####
.....# .....#
####.# #.# # #.# #
#.#


You could see Sigmund.

Vanquished Creatures
  2 gnolls (D:2)
  An adder (D:1)
  3 worms
  5 bats
  4 giant cockroaches
  8 goblins
  9 hobgoblins
  6 frilled lizards
  8 kobolds
  6 rats
52 creatures vanquished.

Notes
Turn   | Place    | Note
-------+----------+-------------------------------------------
     0 | D:1      | Mesmaeker13 the Deep Elf Conjurer began the quest for the Orb.
     0 | D:1      | Reached XP level 1. HP: 10/10 MP: 6/6
   510 | D:1      | Reached XP level 2. HP: 15/15 MP: 3/8
  1260 | D:1      | Learned a level 2 spell: Searing Ray
  1583 | D:2      | Reached XP level 3. HP: 19/19 MP: 8/10
  2013 | D:2      | Reached skill level 5 in Conjurations
  2216 | D:1      | Reached XP level 4. HP: 21/24 MP: 9/12
  2420 | D:2      | Learned a level 3 spell: Dazzling Spray
  2630 | D:2      | Noticed Sigmund
  2641 | D:2      | Slain by Sigmund

Skill      XL: |  1  2  3 |
---------------+----------+-----
Spellcasting   | 4 |  4.8
Conjurations   | 5 |  5.1
Dodging        | 3 |  3.2
Stealth        | |  2.4
Hexes          | |  0.3

Action                   |  1- 3 |  4- 6 || total
-------------------------+-------+-------++-------
Melee: Dagger            |    27 |       ||    27
 Cast: Magic Dart        |    58 |    10 ||    68
       Searing Ray       |     5 |     3 ||     8
  Use: Scroll            |       |     3 ||     3
 Stab: Sleeping          |     1 |       ||     1
  Eat: Chunk             |     3 |     2 ||     5
Armor: Robe              |    11 |     4 ||    15
Dodge: Dodged            |    35 |     4 ||    39
